 Dungeon Crawl Stone Soup version 0.18.1-48-g4cf74bf (webtiles) character file.

1664 nikopol the Poker (level 8, -7/72 (73) HPs)
             Began as a Minotaur Berserker on July 13, 2016.
             Was a High Priest of Trog.
             Killed from afar by an orc wizard (9 damage)
             ... with a puff of flame
             ... on level 6 of the Dungeon.
             The game lasted 00:12:44 (3691 turns).

nikopol the Poker (Minotaur Berserker)              Turns: 3691, Time: 00:12:45

HP:   -7/72 (73)    AC:  7    Str: 23    XL:     8   Next: 69%
MP:   7/7           EV: 15    Int:  4    God:    Trog [*****.]
Gold: 169           SH:  0    Dex: 11    Spells: 0 memorised, 7 levels left

rFire  . . .     SeeInvis .     w - +0 trident (vamp)
rCold  . . .     Gourm    .     g - +0 ring mail
rNeg   . . .     Faith    .     (no shield)
rPois  .         Spirit   .     (helmet restricted)
rElec  .         Dismiss  .     (no cloak)
rCorr  .         Reflect  .     j - +0 pair of gloves
SustAt .         Harm     .     (no boots)
MR     .....                    (no amulet)
Stlth  +.........               (no ring)
                                s - +2 ring of evasion

@: exhausted, slowed, very slow, not resistant to hostile enchantments, very
unstealthy
A: retaliatory headbutt, horns 2
a: Berserk, Trog's Hand, Brothers in Arms, Burn Spellbooks, Renounce Religion


You were on level 6 of the Dungeon.
You worshipped Trog.
Trog was extremely pleased with you.
You were hungry.

You visited 1 branch of the dungeon, and saw 6 of its levels.

You collected 169 gold pieces.

Inventory:

Hand Weapons
 a - a +0 spear
 w - a +0 vampiric trident (weapon)
 y - a cursed +0 shortbow
Missiles
 i - 96 arrows (quivered)
Armour
 b - a +0 animal skin
 f - a +0 leather armour
 g - a +0 ring mail (worn)
 j - a +0 pair of gloves (worn)
Jewellery
 s - a +2 ring of evasion (left hand)
Wands
 x - a wand of random effects (35/48)
Scrolls
 h - a scroll of remove curse
 k - 4 scrolls of identify {unknown}
 l - 4 scrolls of enchant weapon {unknown}
 o - 2 scrolls of fear {unknown}
 t - 4 scrolls of amnesia {unknown}
 u - 3 scrolls of recharging {unknown}
 z - a scroll of teleportation {unknown}
 B - a scroll of enchant armour {unknown}
 D - a scroll of noise {unknown}
 F - a scroll of torment {unknown}
Potions
 d - 2 potions of heal wounds {unknown}
 e - a potion of berserk rage {unknown}
 m - a potion of lignification {unknown}
 n - 2 potions of cancellation {unknown}
 q - a potion of agility {unknown}
 C - a potion of brilliance {unknown}
 E - 2 potions of curing {unknown}
Comestibles
 c - 3 bread rations
 p - 3 meat rations
 r - 12 fruits
 v - a beef jerky
 A - 4 chunks of flesh


   Skills:
 + Level 7.0 Fighting
 * Level 7.6 Polearms
 * Level 4.0 Bows
 + Level 6.8 Armour
 + Level 5.6 Dodging


You had 7 spell levels left.
You didn't know any spells.

Dungeon Overview and Level Annotations

Branches:
Dungeon (6/15)             Temple (0/1) D:6

Altars:
Cheibriados
Kikubaaqudgha
Makhleb
Sif Muna
Trog
Zin

Shops:
D:3 *


Innate Abilities, Weirdness & Mutations

You reflexively headbutt those who attack you in melee.
You have a pair of horns on your head.


Message History

The orc hits you from afar with a trident.
* * * LOW HITPOINT WARNING * * *
Something hits you but does no damage. The orc barely misses you.
You're too confused!
Something barely misses you. The orc hits you but does no damage.
Something hits you but does no damage.
Things that are here:
an orc corpse; an adder corpse You bump into the rock wall.
You feel less confused. The orc closely misses you. You furiously retaliate!
You headbutt the orc!
You kill the orc!
Trog accepts your kill. Something hits you but does no damage.
You hit something but do no damage. You headbutt something!
Something hits you but does no damage.
You hear some strange, mumbled words.
A puff of flame appears from out of thin air!
The puff of flame hits you!
You die...

.....#.......##
.####.........##
###............## ### #
#.....###.....## ...
###..)...........###.###
..'......#..............
###......#.###...#......
.........#..†...{=..#
...###......#..)@)..#
...# ..###.#.###)).#
...# .... #.. ....# ...#
...#. ?.. ....... ...#
...# ###.# ###.... ...#
...# .# .... #.## .$ ...
#.# .# #.#


There were no monsters in sight!

Vanquished Creatures
  Sigmund (D:3)
  2 orc warriors (D:6)
  A black bear (D:6)
  A necrophage (D:5)
  3 ogres
  A centaur (D:5)
  A giant frog (D:6)
  A scorpion (D:6)
  A crimson imp (D:5)
  A quasit (D:6)
  A hound (D:5)
  2 giant frog skeletons (D:5)
  An orc priest (D:3)
  A centaur skeleton (D:5)
  Jessica (D:3)
  An iguana (D:6)
  7 orc wizards
  2 worker ants (D:5)
  7 adders
  A gnoll (D:1)
  A shadow imp (D:5)
  An ooze (D:2)
  3 worms
  3 dart slugs
  2 giant geckos
  15 orcs
  4 ball pythons
  5 bats
  11 giant cockroaches
  8 goblins
  5 hobgoblins
  10 jackals
  7 kobolds
  2 quokkas
  5 giant newts
  A jackal skeleton (D:6)
  11 rats
131 creatures vanquished.

Vanquished Creatures (others)
  An orc wizard (D:6)
1 creature vanquished.

Grand Total: 132 creatures vanquished

Notes
Turn   | Place    | Note
--------------------------------------------------------------
     0 | D:1      | nikopol the Minotaur Berserker began the quest for the Orb.
     0 | D:1      | Reached XP level 1. HP: 19/19 MP: 0/0
    67 | D:1      | Reached XP level 2. HP: 22/27 MP: 1/1
   373 | D:1      | Reached XP level 3. HP: 22/33 MP: 2/2
   537 | D:1      | Reached ** piety under Trog
   989 | D:2      | Found a bloodstained altar of Trog.
   989 | D:2      | Found a snail-covered altar of Cheibriados.
  1033 | D:2      | Found a deep blue altar of Sif Muna.
  1403 | D:2      | Reached XP level 4. HP: 40/40 MP: 3/3
  1723 | D:3      | Found Zin's Purification Station.
  1745 | D:3      | Found a glowing silver altar of Zin.
  1766 | D:3      | Reached *** piety under Trog
  1838 | D:3      | Noticed Jessica
  1850 | D:3      | Killed Jessica
  1850 | D:3      | Reached XP level 5. HP: 28/47 MP: 4/4
  1880 | D:3      | Found a faded altar to an unknown god.
  2182 | D:3      | Found an ancient bone altar of Kikubaaqudgha.
  2341 | D:3      | Noticed Sigmund
  2359 | D:3      | Killed Sigmund
  2359 | D:3      | Reached skill level 5 in Fighting
  2359 | D:3      | Reached skill level 5 in Polearms
  2359 | D:3      | Reached XP level 6. HP: 50/56 MP: 5/5
  2588 | D:4      | Reached skill level 5 in Armour
  2693 | D:4      | Reached XP level 7. HP: 62/62 MP: 6/6
  2845 | D:5      | Entered Level 5 of the Dungeon
  2918 | D:5      | Reached **** piety under Trog
  2921 | D:5      | Reached skill level 1 in Bows
  2921 | D:5      | Reached skill level 5 in Dodging
  3248 | D:5      | Reached XP level 8. HP: 51/69 MP: 7/7
  3465 | D:6      | Found a staircase to the Ecumenical Temple.
  3581 | D:6      | Found a burning altar of Makhleb.
  3676 | D:6      | Reached ***** piety under Trog
  3681 | D:6      | HP: 3/108 [orc warrior/trident (13)]
  3688 | D:6      | HP: 1/72 [orc/trident (4)]
  3691 | D:6      | Killed from afar by an orc wizard

Skill      XL: |  1  2  3  4  5  6  7  8 |
---------------+-------------------------+-----
Armour         | 3 4 5 6 |  6.8
Fighting       | 4 5 6 7 |  7.0
Dodging        | 3 4 5 |  5.6
Polearms       | 4 5 6 7 |  7.6
Bows           | 2 4 |  4.0

Action                   |  1- 3 |  4- 6 |  7- 9 || total
-------------------------+-------+-------+-------++-------
Melee: Spear             |   116 |    53 |       ||   169
       Headbutt          |    16 |    20 |    29 ||    65
       Trident           |       |    81 |   166 ||   247
Invok: Berserk           |       |       |     2 ||     2
       Burn Spellbooks   |       |       |     1 ||     1
  Use: Scroll            |       |     1 |       ||     1
 Stab: Sleeping          |     6 |       |       ||     6
  Eat: Chunk             |     2 |     2 |     5 ||     9
       Bread ration      |       |     1 |       ||     1
       Beef jerky        |       |     1 |       ||     1
Armor: Animal skin       |     2 |       |       ||     2
       Ring mail         |    15 |    29 |    44 ||    88
Dodge: Dodged            |    46 |    73 |    96 ||   215
